 Dungeon Crawl Stone Soup version 0.27.1-3-gb3d3a73c9e (webtiles) character file.

Game seed: 10620175801377152213

24 omarspendo the Shield-Bearer (level 3, 0/29 HPs)
             Began as a Human Fighter on Oct 17, 2021.
             Succumbed to an adder's poison
             ... on level 2 of the Dungeon.
             The game lasted 00:10:22 (1682 turns).

omarspendo the Shield-Bearer (Human Fighter)        Turns: 1682, Time: 00:10:23

Health: 0/29       AC:  6    Str: 15 (16) XL:     3   Next: 15%
Magic:  3/3        EV:  6    Int:  7 (9)  God:
Gold:   19         SH:  8    Dex:  9 (12) Spells: 2/2 levels left

rFire    . . .     SeeInvis .   a - +0 flail
rCold    . . .     Faith    .   c - +0 kite shield
rNeg     . . .     Spirit   .   b - +0 scale mail
rPois    .         Reflect  .   (no helmet)
rElec    .         Harm     .   (no cloak)
rCorr    .         Rampage  .   (no gloves)
Will     .....                  (no boots)
Stlth    ..........             (no amulet)
HPRegen  0.09/turn              (no ring)
MPRegen  0.08/turn              (no ring)

@: mighty, lethally poisoned (0 -> -2)
A: no striking features
a: no special abilities


You were on level 2 of the Dungeon.
You visited 1 branch of the dungeon, and saw 2 of its levels.

You collected 19 gold pieces.

Inventory:

Hand Weapons
 a - a +0 flail (weapon)
 j - a +0 club
Armour
 b - a +0 scale mail (worn)
 c - a +0 kite shield (worn)
 e - a +0 ring mail
 m - a scarf of shadows
Scrolls
 h - 2 scrolls of identify {unknown}
 i - a scroll of fog {unknown}
 l - a scroll of blinking {unknown}
Potions
 f - a potion of mutation {unknown}
 g - 2 potions of curing {unknown}


   Skills:
 + Level 3.1 Fighting
 + Level 2.6 Maces & Flails
 + Level 3.2 Armour
 + Level 3.3 Shields


You had 2 spell levels left.
You didn't know any spells.
Your spell library was empty.

Dungeon Overview and Level Annotations

Branches:
Dungeon (2/15)

Altars:


Message History

You hit the adder.
The adder is almost dead.
The adder bites you but does no damage. x2
You closely miss the adder.
The adder is almost dead.
The adder bites you but does no damage. x2
Your shield and scale mail prevent you from hitting the adder.
The adder is almost dead.
The adder bites you but does no damage.
You barely miss the adder.
The adder is almost dead.
The adder closely misses you. The adder bites you.
You are poisoned.
The adder poisons you!
You barely miss the adder.
The adder is almost dead.
You feel sick. The adder bites you but does no damage.
The adder closely misses you.
You closely miss the adder.
The adder is almost dead.
You feel sick. The adder bites you but does no damage. The adder bites you.
* * * LOW HITPOINT WARNING * * *
You are lethally poisoned!
The adder poisons you!
* * * LOW HITPOINT WARNING * * *
You feel sick. You block the adder's attack.
* * * LOW HITPOINT WARNING * * *
You feel sick.
* * * LOW HITPOINT WARNING * * *
You feel sick.
You see here 23 bolts.
It was a potion of degeneration.
There was something very wrong with that liquid.
You feel weakened.
You feel dopey.
You feel clumsy.
* * * LOW HITPOINT WARNING * * *
You feel sick. The adder barely misses you. x2
You feel very mighty all of a sudden.
* * * LOW HITPOINT WARNING * * *
You feel sick. The adder closely misses you.
You die...

####.......#
...........####
...............
...........####
..g........#
...........#
.....g.....##
...g.g......###########
............#.(@.......
....##......#S########.
.... #.##.###g# ..
#.#..g.g.# #.#.#.####
#.#.# ..#.. .....<#
#######


You could see an adder.

Vanquished Creatures
  7 ball pythons (D:1)
  7 bats (D:1)
  3 endoplasms (D:1)
  A hobgoblin (D:1)
  3 frilled lizards (D:1)
  A kobold (D:1)
  4 rats (D:1)
26 creatures vanquished.

Notes
Turn   | Place    | Note
-------+----------+-------------------------------------------
     0 | D:1      | omarspendo the Human Fighter began the quest for the Orb.
     0 | D:1      | Reached XP level 1. HP: 18/18 MP: 1/1
   615 | D:1      | Reached XP level 2. HP: 24/24 MP: 2/2
   699 | D:1      | Found a faded altar of an unknown god.
  1140 | D:1      | Reached XP level 3. HP: 29/29 MP: 3/3
  1681 | D:2      | HP: 1/29 [poisoned by an adder]
  1682 | D:2      | Succumbed to an adder's poison

Illustrated notes

Levels and vault maps discovered:
D:1:      dpeg_arrival_rooms_with_view, layout_basic, serial_aquarium,
          aquarium_bridge_straight [aquarium_subvault_bridge,
          aquarium_subvault_wall, aquarium_subvault_bridge,
          aquarium_subvault_window], aquarium_bridge_square
          [aquarium_subvault_bridge, aquarium_subvault_bridge,
          aquarium_subvault_bridge, aquarium_subvault_window],
          aquarium_window_2, aquarium_window_1, aquarium_view_4,
          aquarium_balcony_1a, hellmonk_ecumenical_altar_arch_garden
D:2:      minmay_diamond_boxcup, layout_basic, uniq_robin

Action                   || total
-------------------------++-------
Melee: Flail             ||    83
  Use: Potion            ||     2
Armor: Scale mail        ||    53
Dodge: Dodged            ||    37
Block: Kite shield       ||    48
